 Dungeon Crawl Stone Soup version 0.29-a0-923-g6e406bff71 (webtiles) character file.

Game seed: 5965826654027074773

10437 Elmgren the Severer (level 11, -3/82 HPs)
             Began as a Minotaur Berserker on July 28, 2022.
             Was an Elder of Trog.
             Slain by a raiju (8 damage)
             ... on level 1 of the Abyss.
             The game lasted 00:37:36 (16707 turns).

Elmgren the Severer (Minotaur Berserker)           Turns: 16707, Time: 00:37:36

Health: -3/82      AC: 16    Str: 30    XL:     11   Next: 36%
Magic:  10/10      EV: 11    Int:  4    God:    Trog [****..]
Gold:   409        SH:  0    Dex:  9    Spells: 10/10 levels left

rFire   . . .      SeeInvis .   A - +6 executioner's axe (holy)
rCold   . . .      Faith    .   (shield currently unavailable)
rNeg    . . .      Spirit   .   q - +3 scale mail
rPois   .          Reflect  .   (helmet restricted)
rElec   .          Harm     .   b - scarf {+Inv}
rCorr   .          Rampage  .   a - +0 pair of gloves "Dauloon" {Str+3 Stlth+}
Will    .....                   t - +0 pair of boots
Stlth   +.........              y - amulet of regeneration
HPRegen 1.03/turn               (no ring)
MPRegen 0.12/turn               (no ring)

@: on berserk cooldown, slowed, very slow
A: horns 2, retaliatory headbutt
a: Renounce Religion, Evoke Invisibility, Berserk, Trog's Hand, Brothers in Arms


You were on level 1 of the Abyss.
You worshipped Trog.
Trog was greatly pleased with you.
You visited 1 branch of the dungeon, and saw 10 of its levels.
You visited the Abyss 1 time.

You collected 409 gold pieces.

Inventory:

Hand Weapons
 A - a +6 executioner's axe of holy wrath (weapon)
Armour
 a - the +0 pair of gloves "Dauloon" (worn) {Str+3 Stlth+}
   (You acquired it on level 5 of the Dungeon)

   Str:       It affects your strength (+3).
   Stlth:     It makes you more stealthy.
 b - a scarf of invisibility (worn)
 q - a +3 scale mail (worn)
 t - a +0 pair of boots (worn)
Jewellery
 e - a ring of ice
 s - a ring of resist corrosion
 v - an amulet of the acrobat
 y - an amulet of regeneration (around neck)
 C - a ring of fire
 D - a ring of protection from fire
Wands
 c - a wand of flame (35)
 m - a wand of digging (5)
 n - a wand of charming (13)
 z - a wand of polymorph (6)
 G - a wand of mindburst (17)
Scrolls
 g - 2 scrolls of poison
 l - a scroll of enchant armour {unknown}
 u - 2 scrolls of teleportation
 x - a scroll of blinking
 B - a scroll of silence
 E - a scroll of magic mapping
 F - 3 scrolls of identify
 I - a scroll of summoning
Potions
 d - 3 potions of heal wounds
 f - 3 potions of might
 h - 3 potions of flight
 i - 2 potions of brilliance
 j - 2 potions of mutation
 k - 6 potions of curing
 o - 3 potions of attraction
 p - a potion of haste
 r - 3 potions of lignification
 w - a potion of berserk rage {unknown}
 H - a potion of invisibility {unknown}


   Skills:
 - Level 3.6 Fighting
 + Level 15.3 Axes
 + Level 15.1 Armour
 - Level 2.1 Dodging


You had 10 spell levels left.
You didn't know any spells.
Your spell library was empty.

Dungeon Overview and Level Annotations

Branches:
Dungeon (10/15)            Temple (0/1) D:7            Lair (0/5) D:10
    Orc: D:9-12

Altars:
Fedhas
Hepliaklqana
Nemelex Xobeh
Okawaru
Trog
Xom

Shops:
D:3 [

Annotations:
D:10 Fannar, Sonja


Innate Abilities, Weirdness & Mutations

You have a pair of horns on your head.
You reflexively headbutt those who attack you in melee.


Message History

The raiju bites you.
* * * LOW HITPOINT WARNING * * *
The raiju shocks you!
* * * LOW HITPOINT WARNING * * *
You slice the raiju!!
You kill the raiju!
Trog accepts your kill.
You barely miss the raiju. You headbutt the raiju!
The raiju is heavily wounded.
You barely miss the raiju. Your headbutt misses the raiju.
The raiju is heavily wounded.
The raiju bites you but does no damage.
You closely miss the raiju. Your headbutt misses the raiju.
The raiju is heavily wounded.
The raiju bites you but does no damage.
You closely miss the raiju.
The raiju is heavily wounded.
You miss the raiju. Your headbutt misses the raiju.
The raiju is heavily wounded.
The raiju bursts into living lightning!
The living lightning hits you!
* * * LOW HITPOINT WARNING * * *
The raiju blinks!
You closely miss the raiju. Your headbutt misses the raiju.
The raiju is heavily wounded.
The raiju barely misses you.
You barely miss the raiju. Your headbutt misses the raiju.
The raiju is heavily wounded.
The raiju closely misses you. You furiously retaliate!
You headbutt the raiju. You barely miss the raiju.
The raiju is heavily wounded.
You are too berserk!
You slash the raiju!
The raiju is almost dead.
You are no longer berserk.
You are exhausted.
You feel yourself slow down. The raiju bites you.
* * * LOW HITPOINT WARNING * * *
The raiju shocks you!
You die...

# .....
..... #
#§....... #
≈ . . . #
#. 3.
#...##.##
#.. #..# #.
#..#### #
##...h#
####@# #§#
... .....
.......
.......#.
........#..
..........
.#


You could see a raiju.

Vanquished Creatures
  Gastronok (D:10)
  Erica (D:8)
  A sun demon (Abyss:1)
  A smoke demon (Abyss:1)
  Joseph (D:10)
  Maggie (D:8)
  An unseen horror (D:10)
  Prince Ribbit (D:8)
  2 raiju (Abyss:1)
  Sigmund (D:2)
  A shadow (D:10)
  3 wyverns (D:10)
  13 yaks
  3 water moccasins (D:10)
  3 orc warriors
  A sky beast (D:6)
  An ice beast (D:6)
  An ogre (D:5)
  3 centaurs
  2 phantoms
  4 kobold brigands
  A necrophage (D:7)
  4 gnoll sergeants
  5 scorpions
  3 wights (D:10)
  6 killer bees (D:10)
  An electric eel (D:7)
  4 jellies
  4 hounds
  3 orc priests
  6 iguanas
  10 orc wizards
  Natasha (thrice) (D:2)
  20 gnolls
  14 adders
  A shadow imp (D:6)
  A white imp (D:5)
  An ufetubus (D:5)
  2 worms
  2 dart slugs
  36 orcs
  10 bats
  11 endoplasms
  4 giant cockroaches (D:1)
  7 goblins
  5 hobgoblins
  6 jackals (D:1)
  24 kobolds
  5 quokkas
  12 ball pythons
  5 frilled lizards
  8 rats
270 creatures vanquished.

Vanquished Creatures (others)
  6 fungi (D:10)
  A lurking horror (Abyss:1)
  19 plants (D:10)
26 creatures vanquished.

Grand Total: 296 creatures vanquished

Notes
Turn   | Place    | Note
-------+----------+-------------------------------------------
     0 | D:1      | Elmgren the Minotaur Berserker began the quest for the Orb.
     0 | D:1      | Reached XP level 1. HP: 19/19 MP: 0/0
   204 | D:1      | Reached XP level 2. HP: 26/26 MP: 1/1
   238 | D:1      | Reached ** piety under Trog
   384 | D:1      | Reached XP level 3. HP: 23/31 MP: 2/2
  1535 | D:2      | Noticed Natasha
  1552 | D:2      | Killed Natasha
  1553 | D:2      | Reached XP level 4. HP: 34/39 MP: 3/3
  1560 | D:2      | Noticed Natasha
  1570 | D:2      | Reached skill level 5 in Axes
  1571 | D:2      | Killed Natasha
  1899 | D:2      | Noticed Natasha
  1906 | D:2      | Killed Natasha
  2132 | D:2      | Noticed Sigmund
  2146 | D:2      | Killed Sigmund
  2147 | D:2      | Reached skill level 5 in Armour
  2147 | D:2      | Reached XP level 5. HP: 11/45 MP: 4/4
  2147 | D:2      | Reached XP level 6. HP: 12/51 MP: 5/5
  2826 | D:2      | Found a faded altar of an unknown god.
  2898 | D:3      | Found Sytraat's Armour Boutique.
  3007 | D:3      | Reached *** piety under Trog
  4659 | D:4      | Reached XP level 7. HP: 40/57 MP: 6/6
  4755 | D:4      | Found a sparkling altar of Nemelex Xobeh.
  4844 | D:4      | Found a bloodstained altar of Trog.
  4844 | D:4      | Found a hazy altar of Hepliaklqana.
  4844 | D:4      | Found a blossoming altar of Fedhas.
  6496 | D:5      | Entered Level 5 of the Dungeon
  6516 | D:5      | Found an iron altar of Okawaru.
  7477 | D:5      | Reached XP level 8. HP: 62/64 MP: 7/7
  7783 | D:5      | Reached **** piety under Trog
  9388 | D:5      | Identified 3 scrolls of acquirement
  9388 | D:5      | Acquired the +1 pair of boots "Eruzaruwo" {+Blink rElec rF-
                  | Str-2}
  9390 | D:5      | Acquired a +6 executioner's axe of holy wrath
  9399 | D:5      | Acquired the +0 pair of gloves "Dauloon" {Str+3 Stlth+}
  9883 | D:6      | Reached skill level 10 in Axes
 10220 | D:6      | Reached skill level 10 in Armour
 11154 | D:6      | Reached XP level 9. HP: 40/70 MP: 8/8
 12269 | D:7      | Found a staircase to the Ecumenical Temple.
 12596 | D:8      | Noticed Maggie
 12842 | D:8      | Killed Maggie
 12973 | D:8      | Noticed Erica
 12989 | D:8      | Killed Erica
 13045 | D:8      | Reached ***** piety under Trog
 13150 | D:8      | Noticed Prince Ribbit
 13162 | D:8      | Killed Prince Ribbit
 13876 | D:9      | Reached XP level 10. HP: 66/77 MP: 9/9
 14407 | D:9      | Received a gift from Trog
 15183 | D:10     | Entered Level 10 of the Dungeon
 15601 | D:10     | Found a shimmering altar of Xom.
 15728 | D:10     | Noticed Joseph
 15755 | D:10     | Killed Joseph
 15814 | D:10     | Found a staircase to the Lair.
 15897 | D:10     | Noticed Gastronok
 15905 | D:10     | Killed Gastronok
 15906 | D:10     | Reached XP level 11. HP: 82/82 MP: 10/10
 16410 | D:10     | Reached skill level 15 in Axes
 16457 | D:10     | Noticed Sonja
 16457 | D:10     | Noticed Fannar
 16464 | Abyss:1  | Cast into level 1 of the Abyss (Sonja)
 16684 | Abyss:1  | Noticed a sun demon
 16695 | Abyss:1  | Killed a sun demon
 16696 | Abyss:1  | Reached skill level 15 in Armour
 16707 | Abyss:1  | Slain by a raiju

Illustrated notes

Levels and vault maps discovered:
D:1:      scummos_arrival_forest, layout_rooms
D:2:      layout_basic, dreamdust_ecumenical_altar_angels_and_demons,
          uniq_sigmund, uniq_natasha
D:3:      minmay_diamond_boxcup, layout_basic, serial_shops,
          nicolae_shop_hallway_stairs
D:4:      layout_loops_ring, chequers_temple_overflow_statue_of_worship,
          mainiacjoe_overflow_surrounded_room, gup_sewer_entry_spiral,
          kennysheep_generic_room_3
D:5:      layout_layer_cave, okawaru_metal_pillars_3, corexii_corridor_pit
D:6:      layout_rooms
D:7:      layout_loops_ring, minmay_temple_entry_mini_moons,
          kennysheep_flooded_box
D:8:      layout_basic, grunt_ministairs_12, uniq_erica, uniq_prince_ribbit1,
          uniq_maggie, uniq_maurice
D:9:      layout_basic
D:10:     layout_roguey, nicolae_overflow_crystal_walls,
          mainiacjoe_overflow_alcove_2, minmay_lair_entry_grove,
          hangedman_decor_lopped, uniq_joseph, uniq_sonja, uniq_gastronok,
          uniq_fannar
Abyss:1:  base:
D:4

Skill      XL: |  1  2  3  4  5  6  7  8  9 10 11 |
---------------+----------------------------------+-----
Axes           | 4 6 7 8 10 12 14 15 | 15.3
Armour         | 3 4 5 6 8 10 12 14 15 | 15.1
Fighting       | |  3.6
Dodging        | |  2.1

Action                   |  1- 3 |  4- 6 |  7- 9 | 10-12 || total
-------------------------+-------+-------+-------+-------++-------
Melee: Hand axe          |    75 |   118 |   111 |       ||   304
       Headbutt          |     6 |    18 |    39 |    24 ||    87
       Punch             |       |     4 |     1 |       ||     5
       Executioner's axe |       |       |   141 |   160 ||   301
Invok: Berserk           |     1 |     3 |     2 |     6 ||    12
  Use: Scroll            |     4 |       |    18 |     1 ||    23
Armor: Ring mail         |    34 |    42 |    17 |       ||    93
       Scale mail        |       |       |   115 |    74 ||   189
Dodge: Dodged            |    53 |    69 |   125 |   112 ||   359

Table legend: (Time is in decaauts)
 A = Elapsed time spent in this place.
 B = Non-inter-level travel time spent in this place.
 C = Inter-level travel time spent in this place.
 D = Time resting spent in this place.
 E = Time spent auto-exploring this place.
 F = Levels seen in this place.
 G = Mean time per level.
                   A        B        C        D        E       F      G
               +--------+--------+--------+--------+--------+-----+--------+
         Total |  16924 |  16620 |    304 |   8648 |   5989 |  11 | 1538.5 |
       Dungeon |  16685 |  16381 |    304 |   8450 |   5989 |  10 | 1668.5 |
         Abyss |    239 |    239 |      0 |    198 |      0 |   1 |  239.0 |
               +--------+--------+--------+--------+--------+-----+--------+

Top non-repeatable levels by time:
     D:5: 2943 daAuts
     D:4: 2235 daAuts
     D:6: 1865 daAuts
     D:1: 1721 daAuts
     D:7: 1694 daAuts
     D:9: 1557 daAuts
     D:3: 1400 daAuts
     D:2: 1230 daAuts
    D:10: 1199 daAuts
     D:8: 836 daAuts
 Abyss:1: 239 daAuts
